[ AOE2 MATCH · #505291016 ]
UnrankedMaya vs Chinese
Player's team · LOSS
Rival team · WIN
[ REPLAY ANALYSIS · EXTRACTED FROM THE RECORDED GAME ]
Feudal
11:58
Castle
21:08
Imperial
—
| APM avg | 64.0 |
| APM peak | 100 |
| eAPM avg | 26.1 |
| Villagers / military | 97 / 79 |
Focus
⚔️ 45.2% · 🌾 54.8%
Archer ×66 · Mangonel ×8 · Eagle Scout ×3 · Spearman ×2
Feudal
11:25
Castle
18:58
Imperial
—
| APM avg | 44.0 |
| APM peak | 83 |
| eAPM avg | 22.0 |
| Villagers / military | 74 / 51 |
Focus
⚔️ 37.5% · 🌾 62.5%
Archer ×45 · Iron Pagoda ×4 · Scorpion ×1 · Skirmisher ×1
Match map
Initial resources + every placement click. Lines = walls · curves = elevation contours. ◆ gold · ⬟ stone · ● berries · ✦ relic · ◌ wall gap
Your base· Open — opponent sealed themselves in
GdR | ChiattoneDevastante's base· ✓ Closed at 18:58 · 50t walls · no gate
Smoothed initial terrain · ◌ = detected wall gap · hover for details
Inputs per minute
— Matazombies - - GdR | ChiattoneDevastante
Build order — Matazombies
First 150 of 254 actions detected
| 0:00 | Research | Loom |
| 0:02 | Build | House |
| 0:02 | Build | House |
| 0:04 | Create | Villager (Male) |
| 0:06 | Create | Villager (Male) |
| 0:07 | Create | Villager (Male) |
| 0:07 | Create | Villager (Male) |
| 1:32 | Create | Villager (Male) |
| 2:09 | Create | Villager (Male) |
| 2:09 | Create | Villager (Male) |
| 2:43 | Create | Villager (Male) |
| 2:44 | Create | Villager (Male) |
| 3:03 | Create | Villager (Male) |
| 3:03 | Create | Villager (Male) |
| 3:30 | Create | Villager (Male) |
| 3:31 | Create | Villager (Male) |
| 3:46 | Create | Villager (Male) |
| 3:47 | Create | Villager (Male) |
| 4:21 | Create | Villager (Male) |
| 4:21 | Create | Villager (Male) |
| 4:38 | Create | Villager (Male) |
| 4:38 | Create | Villager (Male) |
| 4:42 | Build | Lumber Camp |
| 4:44 | Build | House |
| 5:12 | Build | House |
| 5:12 | Create | Villager (Male) |
| 5:31 | Create | Villager (Male) |
| 5:32 | Create | Villager (Male) |
| 5:56 | Create | Villager (Male) |
| 5:56 | Create | Villager (Male) |
| 6:23 | Build | Mill |
| 6:53 | Create | Villager (Male) |
| 6:53 | Create | Villager (Male) |
| 7:17 | Create | Villager (Male) |
| 7:17 | Create | Villager (Male) |
| 7:36 | Create | Villager (Male) |
| 7:36 | Create | Villager (Male) |
| 7:39 | Create | Villager (Male) |
| 7:53 | Build | House |
| 7:54 | Build | Outpost |
| 7:57 | Create | Villager (Male) |
| 7:57 | Create | Villager (Male) |
| 8:04 | Create | Villager (Male) |
| 8:05 | Create | Villager (Male) |
| 8:42 | Build | Barracks |
| 8:45 | Create | Villager (Male) |
| 8:45 | Create | Villager (Male) |
| 9:10 | Create | Villager (Male) |
| 9:19 | Create | Villager (Male) |
| 9:28 | Build | House |
| 9:45 | Research | Feudal Age |
| 9:46 | Research | Feudal Age |
| 9:49 | Build | Mining Camp |
| 10:14 | Create | Villager (Male) |
| 10:22 | Build | Outpost |
| 10:55 | Build | Outpost |
| 11:00 | Create | Villager (Male) |
| 11:37 | Create | Villager (Male) |
| 11:58 | Age | Feudal Age |
| 12:01 | Build | Archery Range |
| 12:03 | Create | Villager (Male) |
| 12:14 | Build | Archery Range |
| 12:20 | Create | Villager (Male) |
| 12:20 | Create | Spearman |
| 12:21 | Create | Spearman |
| 12:31 | Create | Villager (Male) |
| 12:40 | Build | Blacksmith |
| 12:50 | Create | Archer |
| 12:53 | Create | Villager (Male) |
| 13:02 | Create | Archer |
| 13:07 | Create | Archer |
| 13:07 | Create | Archer |
| 13:12 | Create | Villager (Male) |
| 13:29 | Build | Watch Tower |
| 13:32 | Create | Archer |
| 13:32 | Create | Archer |
| 13:38 | Research | Fletching |
| 13:39 | Research | Fletching |
| 13:39 | Research | Fletching |
| 13:39 | Create | Villager (Male) |
| 13:39 | Create | Villager (Male) |
| 13:44 | Build | House |
| 13:55 | Create | Villager (Male) |
| 13:56 | Create | Villager (Male) |
| 13:56 | Create | Villager (Male) |
| 13:56 | Create | Villager (Male) |
| 13:59 | Create | Archer |
| 13:59 | Create | Archer |
| 14:07 | Build | Farm |
| 14:13 | Create | Villager (Male) |
| 14:20 | Build | Farm |
| 14:26 | Build | House |
| 14:32 | Research | Double-Bit Axe |
| 14:57 | Create | Archer |
| 14:59 | Create | Villager (Male) |
| 15:00 | Create | Villager (Male) |
| 15:01 | Build | Stone Wall |
| 15:01 | Build | Stone Wall |
| 15:02 | Build | Stone Wall |
| 15:03 | Build | Stone Wall |
| 15:04 | Build | Stone Wall |
| 15:04 | Build | Stone Wall |
| 15:10 | Create | Archer |
| 15:10 | Create | Archer |
| 15:11 | Create | Archer |
| 15:11 | Create | Archer |
| 15:15 | Create | Villager (Male) |
| 15:16 | Create | Villager (Male) |
| 15:16 | Create | Villager (Male) |
| 15:19 | Create | Villager (Male) |
| 15:20 | Create | Archer |
| 15:21 | Create | Archer |
| 15:22 | Build | Farm |
| 15:23 | Build | Farm |
| 15:23 | Create | Villager (Male) |
| 15:30 | Build | House |
| 15:33 | Create | Archer |
| 15:33 | Create | Archer |
| 15:48 | Build | Outpost |
| 15:54 | Create | Villager (Male) |
| 15:55 | Create | Villager (Male) |
| 15:55 | Create | Villager (Male) |
| 15:55 | Create | Villager (Male) |
| 16:04 | Build | Farm |
| 16:06 | Build | Farm |
| 16:07 | Build | Farm |
| 16:07 | Create | Villager (Male) |
| 16:08 | Create | Villager (Male) |
| 16:17 | Build | House |
| 16:42 | Build | House |
| 16:49 | Create | Archer |
| 16:49 | Create | Archer |
| 16:49 | Create | Archer |
| 16:53 | Create | Archer |
| 16:54 | Create | Archer |
| 16:54 | Create | Archer |
| 16:54 | Create | Archer |
| 17:06 | Create | Villager (Male) |
| 17:15 | Build | Market |
| 17:51 | Build | Farm |
| 17:53 | Build | House |
| 18:28 | Research | Castle Age |
| 18:28 | Research | Castle Age |
| 18:42 | Build | House |
| 18:43 | Build | House |
| 18:58 | Create | Archer |
| 18:59 | Create | Archer |
| 18:59 | Create | Archer |
| 19:04 | Create | Villager (Male) |
| 19:14 | Build | Mining Camp |
Build order — GdR | ChiattoneDevastante
First 150 of 206 actions detected
| 0:02 | Research | Loom |
| 0:44 | Create | Villager (Male) |
| 1:31 | Create | Villager (Male) |
| 1:51 | Create | Villager (Male) |
| 1:59 | Build | Lumber Camp |
| 2:19 | Create | Villager (Male) |
| 2:35 | Create | Villager (Male) |
| 2:59 | Create | Villager (Male) |
| 3:17 | Build | House |
| 3:38 | Create | Villager (Male) |
| 3:42 | Build | House |
| 3:56 | Create | Villager (Male) |
| 4:30 | Create | Villager (Male) |
| 4:34 | Build | Mill |
| 5:04 | Create | Villager (Male) |
| 5:05 | Create | Villager (Male) |
| 5:45 | Create | Villager (Male) |
| 6:20 | Create | Villager (Male) |
| 6:21 | Create | Villager (Male) |
| 6:41 | Create | Villager (Male) |
| 7:01 | Build | Barracks |
| 7:31 | Create | Villager (Male) |
| 7:42 | Build | Mining Camp |
| 7:52 | Build | Farm |
| 7:57 | Create | Villager (Male) |
| 8:06 | Build | Mining Camp |
| 8:09 | Build | Farm |
| 8:13 | Create | Villager (Male) |
| 8:19 | Build | House |
| 8:23 | Build | Palisade Wall |
| 8:23 | Build | Palisade Wall |
| 8:24 | Build | Palisade Wall |
| 8:27 | Create | Villager (Male) |
| 8:34 | Build | Palisade Wall |
| 9:00 | Build | Palisade Wall |
| 9:05 | Build | Palisade Wall |
| 9:09 | Build | Palisade Wall |
| 9:10 | Build | Palisade Wall |
| 9:11 | Build | Palisade Wall |
| 9:13 | Research | Feudal Age |
| 9:30 | Build | House |
| 9:46 | Build | Palisade Wall |
| 9:47 | Build | Palisade Wall |
| 9:48 | Build | Palisade Wall |
| 10:03 | Build | Palisade Wall |
| 10:03 | Build | Palisade Wall |
| 10:03 | Build | Palisade Wall |
| 10:08 | Build | Farm |
| 10:25 | Build | Farm |
| 10:41 | Create | Villager (Male) |
| 10:56 | Build | Farm |
| 11:08 | Build | Farm |
| 11:10 | Build | Farm |
| 11:13 | Build | Farm |
| 11:25 | Age | Feudal Age |
| 11:29 | Build | Market |
| 11:44 | Create | Villager (Male) |
| 12:09 | Create | Villager (Male) |
| 12:11 | Build | Blacksmith |
| 12:23 | Build | House |
| 12:36 | Create | Villager (Male) |
| 12:49 | Build | Farm |
| 13:03 | Create | Villager (Male) |
| 13:06 | Build | Farm |
| 13:24 | Create | Villager (Male) |
| 13:40 | Build | Barracks |
| 13:56 | Create | Villager (Male) |
| 14:15 | Build | Watch Tower |
| 14:21 | Build | Watch Tower |
| 14:23 | Create | Villager (Male) |
| 14:44 | Build | Archery Range |
| 15:01 | Build | Watch Tower |
| 15:13 | Research | Fletching |
| 15:15 | Create | Villager (Male) |
| 15:51 | Create | Villager (Male) |
| 15:58 | Build | Lumber Camp |
| 16:18 | Research | Castle Age |
| 16:46 | Create | Archer |
| 16:54 | Create | Archer |
| 17:15 | Create | Archer |
| 17:40 | Create | Archer |
| 17:50 | Create | Archer |
| 18:05 | Build | House |
| 18:15 | Research | Double-Bit Axe |
| 18:17 | Research | Horse Collar |
| 18:21 | Create | Archer |
| 18:34 | Build | House |
| 18:47 | Create | Archer |
| 18:58 | Age | Castle Age |
| 18:59 | Research | Bodkin Arrow |
| 19:06 | Research | Crossbowman (upgrade) |
| 19:25 | Create | Villager (Male) |
| 19:35 | Build | Town Center |
| 19:49 | Create | Archer |
| 19:58 | Create | Archer |
| 20:01 | Create | Villager (Male) |
| 20:02 | Create | Archer |
| 20:10 | Create | Archer |
| 20:11 | Create | Villager (Male) |
| 20:14 | Build | Farm |
| 20:29 | Create | Villager (Male) |
| 20:38 | Create | Archer |
| 20:53 | Build | Siege Workshop |
| 20:58 | Create | Villager (Male) |
| 21:11 | Build | Palisade Gate |
| 21:15 | Create | Villager (Male) |
| 21:24 | Create | Villager (Male) |
| 21:28 | Create | Villager (Male) |
| 21:30 | Create | Archer |
| 21:47 | Create | Archer |
| 21:52 | Create | Archer |
| 21:57 | Create | Archer |
| 22:06 | Create | Iron Pagoda |
| 22:08 | Create | Villager (Male) |
| 22:21 | Create | Villager (Male) |
| 22:29 | Create | Archer |
| 22:32 | Create | Villager (Male) |
| 22:53 | Create | Archer |
| 22:53 | Create | Archer |
| 22:53 | Create | Villager (Male) |
| 23:03 | Build | Farm |
| 23:13 | Build | Farm |
| 23:18 | Create | Iron Pagoda |
| 23:19 | Create | Villager (Male) |
| 23:28 | Build | Farm |
| 23:31 | Create | Archer |
| 23:31 | Create | Archer |
| 23:33 | Create | Archer |
| 23:45 | Create | Iron Pagoda |
| 23:47 | Create | Villager (Male) |
| 23:47 | Create | Archer |
| 23:47 | Create | Archer |
| 24:03 | Create | Archer |
| 24:04 | Create | Villager (Male) |
| 24:04 | Create | Villager (Male) |
| 24:19 | Create | Archer |
| 24:27 | Create | Villager (Male) |
| 24:28 | Create | Villager (Male) |
| 24:35 | Build | Farm |
| 24:43 | Create | Skirmisher |
| 24:44 | Create | Archer |
| 24:45 | Build | House |
| 24:46 | Build | House |
| 25:13 | Create | Villager (Male) |
| 25:13 | Create | Villager (Male) |
| 25:26 | Create | Villager (Male) |
| 25:35 | Create | Villager (Male) |
| 25:37 | Build | Farm |
| 25:37 | Build | Farm |
| 25:37 | Build | Farm |
Match timeline
| 7:01 | GdR | ChiattoneDevastante · first_building Barracks |
| 8:23 | GdR | ChiattoneDevastante · wall_segment Palisade Wall x14 |
| 8:23 | GdR | ChiattoneDevastante · wall_segment Palisade Wall x1 |
| 8:24 | GdR | ChiattoneDevastante · wall_segment Palisade Wall x1 |
| 8:34 | GdR | ChiattoneDevastante · wall_segment Palisade Wall x3 |
| 8:42 | Matazombies · first_building Barracks |
| 9:00 | GdR | ChiattoneDevastante · wall_segment Palisade Wall x6 |
| 9:05 | GdR | ChiattoneDevastante · wall_segment Palisade Wall x4 |
| 9:09 | GdR | ChiattoneDevastante · wall_segment Palisade Wall x9 |
| 9:10 | GdR | ChiattoneDevastante · wall_segment Palisade Wall x7 |
| 9:11 | GdR | ChiattoneDevastante · wall_segment Palisade Wall x1 |
| 9:46 | GdR | ChiattoneDevastante · wall_segment Palisade Wall x1 |
| 9:47 | GdR | ChiattoneDevastante · wall_segment Palisade Wall x1 |
| 9:48 | GdR | ChiattoneDevastante · wall_segment Palisade Wall x1 |
| 10:03 | GdR | ChiattoneDevastante · wall_segment Palisade Wall x1 |
| 10:03 | GdR | ChiattoneDevastante · wall_segment Palisade Wall x1 |
| 10:03 | GdR | ChiattoneDevastante · wall_segment Palisade Wall x1 |
| 11:25 | GdR | ChiattoneDevastante · age_up feudal |
| 11:58 | Matazombies · age_up feudal |
| 12:01 | Matazombies · first_building Archery Range |
| 14:44 | GdR | ChiattoneDevastante · first_building Archery Range |
| 14:53 | GdR | ChiattoneDevastante · first_market_buy 100 stone |
| 15:01 | Matazombies · wall_segment Stone Wall x1 |
| 15:01 | Matazombies · wall_segment Stone Wall x1 |
| 15:02 | Matazombies · wall_segment Stone Wall x1 |
| 15:03 | Matazombies · wall_segment Stone Wall x1 |
| 15:04 | Matazombies · wall_segment Stone Wall x1 |
| 15:04 | Matazombies · wall_segment Stone Wall x1 |
| 17:59 | Matazombies · first_market_sell 100 wood |
| 18:01 | Matazombies · first_market_buy 100 food |
| 18:58 | GdR | ChiattoneDevastante · age_up castle |
| 20:53 | GdR | ChiattoneDevastante · first_building Siege Workshop |
| 21:08 | Matazombies · age_up castle |
| 21:11 | Matazombies · first_building Siege Workshop |
| 30:57 | Matazombies · resign |
[ AI ANALYSIS · 1 CREDIT ]
What really happened in this match?
Wolo.gg analyzes every decision: build order, eco, micro, common mistakes by bracket. Personalized analysis on WhatsApp or Discord in 30 seconds.
Civ guide
Maya
Perfil
Matazombies